 Dungeon Crawl Stone Soup version 0.18-a0-1225-g5d63bca (webtiles) character file.

33 ololoev the Firebug (level 3, -2/19 HPs)
             Began as a Deep Elf Fire Elementalist on Feb 3, 2016.
             Slain by Grinder (8 damage)
             ... on level 4 of the Dungeon.
             The game lasted 00:05:11 (632 turns).

ololoev the Firebug (Deep Elf Fire Elementalist)     Turns: 632, Time: 00:05:11

Health: -2/19      AC:  2    Str:  5    XL:     3   Next: 12%
Magic:  1/10       EV: 13    Int: 20    God:
Gold:   70         SH:  0    Dex: 15    Spells: 3 memorised, 2 levels left

rFire  . . .     SeeInvis .     i - +2 long sword (holy)
rCold  . . .     Gourm    .     a - +0 robe
rNeg   . . .     Faith    .     (no shield)
rPois  .         Spirit   .     (no helmet)
rElec  .         Dismiss  .     (no cloak)
rCorr  .         Reflect  .     (no gloves)
SustAt .         Harm     .     (no boots)
MR     .....                    (no amulet)
Stlth  ++........               (no ring)
                                j - ring of wizardry

@: drained, not resistant to hostile enchantments, unstealthy
A: no striking features
a: no special abilities

Inventory:

Hand Weapons
 i - a +2 long sword of holy wrath (weapon)
Armour
 a - a +0 robe (worn)
Jewellery
 j - a ring of wizardry (left hand)
Scrolls
 k - a scroll of teleportation {unknown}
 m - a scroll of noise {unknown}
Potions
 d - a potion of haste {unknown}
 e - 2 potions of heal wounds {unknown}
 f - 3 potions of curing {unknown}
 g - a potion of cancellation {unknown}
 h - a potion of flight {unknown}
Books
 b - a book of Flames

   Spells                             Type                      Level
   a - Flame Tongue                   Conjuration/Fire             1
   b - Throw Flame                    Conjuration/Fire             2
   c - Conjure Flame                  Conjuration/Fire             3
   d - Inner Flame                    Hexes/Fire                   3
   e - Sticky Flame                   Conjuration/Fire             4
   f - Fireball                       Conjuration/Fire             5
Comestibles
 c - 2 bread rations
 l - 3 chunks of flesh


   Skills:
 - Level 2.4(2.3) Dodging
 - Level 2.4(2.3) Stealth
 + Level 3.5(3.4) Spellcasting
 * Level 2.5(2.4) Conjurations
 + Level 3.7(3.6) Fire Magic


You had 2 spell levels left.
You knew the following spells:

 Your Spells              Type           Power        Failure   Level  Hunger
a - Flame Tongue          Conj/Fire      ###..        1%          1    None
b - Conjure Flame         Conj/Fire      ###.....     6%          3    ###....
e - Inner Flame           Hex/Fire       ##......     9%          3    ###....


You were on level 4 of the Dungeon.
You were not hungry.

You visited 1 branch of the dungeon, and saw 5 of its levels.

You collected 70 gold pieces.

#...# #######+#...#
#...........#
#...........#
#...........#### #+##
#...........#...
##...##########>....'.(.
.......o....ยง##.#...#...
#...@5.# #.........
##....## #......###
##..## ........+ ####
..##.....# ..# #.....# ..
#.....#

Notes
Turn   | Place    | Note
--------------------------------------------------------------
     0 | D:1      | ololoev the Deep Elf Fire Elementalist began the quest for the Orb.
     0 | D:1      | Reached XP level 1. HP: 10/10 MP: 6/6
   135 | D:3      | Reached XP level 2. HP: 10/15 MP: 6/8
   269 | D:5      | Entered Level 5 of the Dungeon
   438 | D:5      | Noticed Edmund
   608 | D:4      | Reached XP level 3. HP: 12/19 MP: 1/10
   614 | D:4      | Learned a level 3 spell: Conjure Flame
   618 | D:4      | Learned a level 3 spell: Inner Flame
   630 | D:4      | Noticed Grinder
   632 | D:4      | Slain by Grinder

Dungeon Overview and Level Annotations

Branches:
Dungeon (5/15)
 Temple: D:4-7

Altars:

Annotations:
D:4 Grinder
D:5 Edmund


Message History

Unknown command.
There is an open door here.
Casting: Flame Tongue
Confirm with . or Enter, or press ? or * to list all spells.
Aiming: Flame Tongue
Press: ? - help, Shift-Dir - straight line, f - ooze
Aim: an ooze (resting)
The flame tongue hits the ooze.
The ooze is moderately wounded.
The ooze quivers.
Casting: Flame Tongue
Confirm with . or Enter, or press ? or * to list all spells.
Aiming: Flame Tongue
Press: ? - help, Shift-Dir - straight line, f/p - ooze
Aim: an ooze (moderately wounded)
The flame tongue hits the ooze.
The ooze is moderately wounded.
Casting: Flame Tongue
Confirm with . or Enter, or press ? or * to list all spells.
Aiming: Flame Tongue
Press: ? - help, Shift-Dir - straight line, f/p - ooze
Aim: an ooze (moderately wounded)
The flame tongue hits the ooze.
The ooze is heavily wounded.
The ooze misses you.
You slash the ooze!
You kill the ooze!
There is a stone staircase leading down here.
You enter a teleport trap!
The teleport trap disappears.
Your surroundings suddenly seem different.
An orc comes into view. It is wielding a falchion.
Found 5 gold pieces.
Grinder comes into view.
The orc shouts!
The orc hits you with a falchion.
Grinder gestures.
Grinder blinks!
You see here 5 gold pieces.
You closely miss the orc. The orc hits you with a falchion. Grinder hits you!
You die...

You could see Grinder and an orc.

Vanquished Creatures
  An adder (D:4)
  An ooze (D:4)
  An adder skeleton (D:4)
  A bat (D:2)
  A giant cockroach (D:2)
  2 goblins
  2 hobgoblins (D:3)
  3 jackals (D:4)
  2 quokkas
  2 giant newts
16 creatures vanquished.

Action                   || total
-------------------------++-------
Melee: Long sword        ||     2
 Cast: Flame Tongue      ||    30

Vault maps used:
D:1:      onia_arrival_mini_spirals
D:2:      gammafunk_temple_overflow_pools, minmay_distorted
D:3:      first_bread
D:4:      minivault_19, minmay_misc_feat_diagonals, uniq_grinder
D:5:      minmay_temple_entry_grid, grunt_ashenzari_visionary, uniq_edmund
